 Dungeon Crawl Stone Soup version 0.31-a0-198-g2ad674f65e (webtiles) character file.

Game seed: 14131143911077839821

6820 Dylgear the Cleaver (level 11, -15/81 HPs)
             Began as a Formicid Fighter on June 25, 2023.
             Was a Believer of Wu Jian.
             Killed from afar by an acid dragon (34 damage)
             ... with a splash of acid
             ... on level 10 of the Dungeon.
             The game lasted 00:31:36 (9867 turns).

Dylgear the Cleaver (Formicid Fighter)              Turns: 9867, Time: 00:31:37

Health: -15/81     AC: 11    Str: 24    XL:     11   Next: 25%
Magic:  11/11      EV: 10    Int:  7    God:    Wu Jian [**....]
Gold:   590        SH:  6    Dex: 15    Spells: 10/10 levels left

rFire   . . .        n - +10 hand axe of the Shoals {drain, *Rage rElec rC+++ rN+}
rCold   + + +        c - +0 buckler
rNeg    + . .        r - +0 chain mail
rPois   +            (helmet unavailable)
rElec   +            (no cloak)
rCorr   .            (no gloves)
SInv    +            i - +2 pair of boots
Will    +....        (no amulet) Stlth
                     b - ring of poison resistance
HPRegen 0.33/turn    (no ring)
MPRegen 0.12/turn

%: no passive effects
@: corroded
A: permanent stasis, dig shafts and tunnels, antennae 3, four strong arms
a: Dig, Shaft Self, Renounce Religion, Wall Jump


You were on level 10 of the Dungeon.
You worshipped Wu Jian.
Wu Jian was pleased with you.
You visited 2 branches of the dungeon, and saw 11 of its levels.
You also visited: Sewer.

You collected 640 gold pieces.
You spent 50 gold pieces at shops.

Inventory:

Hand Weapons
 d - a +1 mace of protection
 n - the +10 hand axe of the Shoals (weapon) {drain, *Rage rElec rC+++ rN+}
   (You found it on level 4 of the Dungeon)

   rC:        It renders you almost immune to cold.
   rElec:     It insulates you from electricity.
   rN:        It protects you from negative energy.
   *Rage:     It berserks you when you make melee attacks (+20% chance).
 B - a +0 battleaxe
 D - the +11 Singing Sword {sonic wave}
   (You found it on level 8 of the Dungeon)
Missiles
 p - 3 boomerangs
 y - 2 throwing nets
Armour
 c - a +0 buckler (worn)
 i - a +2 pair of boots (worn)
 j - a +0 plate armour
 r - a +0 chain mail (worn)
Jewellery
 b - a ring of poison resistance (left hand)
 o - a ring of ice
 w - a ring of fire
Wands
 a - a wand of charming (11)
 q - a wand of mindburst (7)
 t - a wand of flame (1)
 x - a wand of iceblast (15)
Scrolls
 e - a scroll of fog
 u - a scroll of poison
 v - 2 scrolls of enchant weapon
 A - 2 scrolls of revelation
 E - a scroll of identify
Potions
 f - a potion of might
 g - a potion of brilliance {unknown}
 h - a potion of degeneration {unknown}
 k - a potion of magic {unknown}
 l - 2 potions of resistance
 m - 4 potions of curing
 s - 2 potions of cancellation
 z - 3 potions of invisibility
 C - a potion of heal wounds


   Skills:
 + Level 6.2 Fighting
 * Level 11.1 Axes
 * Level 10.8 Armour
 + Level 2.6 Dodging
 + Level 2.4 Stealth
 * Level 8.3 Shields
 + Level 0.2 Evocations


You had 10 spell levels left.
You didn't know any spells.
Your spell library contained the following spells:

 Spells                   Type           Power      Damage    Failure   Level
 Beastly Appendage        Tmut           0%         N/A       92%         1
 Freeze                   Ice            0%         1d3       92%         1
 Kiss of Death            Conj/Necr      0%         2d5       92%         1
 Magic Dart               Conj           0%         1d3       92%         1
 Call Imp                 Summ           0%         N/A       98%         2
 Wereblood                Tmut           0%         N/A       98%         2
 Confusing Touch          Hex            0%         N/A       100%        3
 Dazzling Flash           Conj/Hex       0%         N/A       100%        3
 Frozen Ramparts          Ice            0%         1d1       100%        3
 Hailstorm                Conj/Ice       0%         3d3       100%        3
 Mephitic Cloud           Conj/Pois/Air  0%         N/A       100%        3
 Spider Form              Tmut/Pois      0%         N/A       100%        3
 Volatile Blastmotes      Fire/Tloc      0%         2d10      100%        3
 Dispel Undead            Necr           0%         3d6       100%        4
 Iskenderun's Mystic Bla  Conj/Tloc      0%         2d3       100%        4
 Starburst                Conj/Fire      0%         6d3       100%        6


Dungeon Overview and Level Annotations

Branches:
Dungeon (10/15)            Temple (1/1) D:6            Lair (0/5) D:9
  Sewer (visited)
    Orc: D:9-12

Altars:
Ashenzari
Cheibriados
Dithmenos
Elyvilon
Fedhas
Gozag
Hepliaklqana
Kikubaaqudgha
Makhleb
Nemelex Xobeh
Okawaru
Qazlal
Ru
Sif Muna
Trog
Uskayaw
Vehumet
Wu Jian
Xom
Yredelemnul
Zin
The Shining One

Shops:
D:1 !   D:2 [   D:3 !

Annotations:
D:3 Grinder
D:8 1 runed translucent door, superbruh's ghost, novice GrFi
D:10 Grum


Innate Abilities, Weirdness & Mutations

You cannot be hasted, slowed, berserked, paralysed or teleported.
You can dig through walls and to a lower floor.
You have a pair of large antennae on your head. (SInv)
Your four strong arms can wield two-handed weapons with a shield.


Message History

You kill the wolf!
The Council accepts your kill.
You closely miss the wolf. You block the wolf's attack.
You barely miss the wolf.
The wolf bites you but does no damage. x2
You hit the wolf.
The wolf is moderately wounded.
The wolf bites you but does no damage.
You slash the wolf! You drain the wolf.
The wolf is almost dead.
The wolf bites you but does no damage.
You hit the wolf.
The wolf is almost dead.
You block the wolf's attack. The wolf closely misses you.
You hit the wolf but do no damage.
The wolf is almost dead.
The wolf barely misses you.
You slash the wolf!
You kill the wolf!
The Council accepts your kill.
You lunge at the acid dragon.
You hit the acid dragon. You drain the acid dragon.
The acid dragon is moderately wounded.
You block the acid dragon's attack. The acid dragon barely misses you.
Grum hits you from afar with a +1 spear!
You see here a wolf corpse.
You barely miss the acid dragon.
The acid dragon is moderately wounded.
The acid dragon bites you but does no damage.
The acid dragon claws you.
Grum hits you from afar with a +1 spear.
You slash the acid dragon! You drain the acid dragon.
The acid dragon is severely wounded.
The acid dragon barely misses you. You block the acid dragon's attack.
Grum hits you from afar with a +1 spear!!
* * * LOW HITPOINT WARNING * * *
You hit the acid dragon.
The acid dragon is almost dead.
The acid dragon spits acid at you. The splash of acid hits you!!
You die...

..P≈≈≈≈≈~~...#
#.
....~≈≈≈≈....#
#.
...P~~≈~...P.#
#(
.....P~~.....#
#.
...P^~P......#
#.
............h#
.#######.
######.#.###g#
>........
.....# #D#
#######..
####### #@#
.#.# #.#
##.#.# #.#
#<.#.# #.#
#..#.. #.#
#..### #.#
#..# #.# ####
#.# #.#


You could see Grum, an acid dragon (catching breath, very drained) and a wolf.

Vanquished Creatures
  A fire crab (D:9)
  A cyclops (D:9)
  A manticore (D:9)
  A troll (D:10)
  A hornet (D:9)
  A wyvern (D:8)
  5 yaks (D:9)
  3 steam dragons
  A water moccasin (D:7)
  2 black bears
  3 orc warriors (D:9)
  An ice beast (D:6)
  4 sky beasts
  2 wolves (D:10)
  2 ogres
  6 kobold brigands
  5 bullfrogs
  6 scorpions
  2 gnoll sergeants (D:7)
  3 wights (D:8)
  5 killer bees (D:9)
  2 howler monkeys (D:7)
  An electric eel (D:10)
  6 orc priests
  4 hounds
  A jelly (D:6)
  A gnoll bouda (D:4)
  3 iguanas
  5 orc wizards
  10 adders
  9 gnolls
  4 worms
  3 dart slugs
  14 orcs
  15 endoplasms
  4 giant cockroaches
  9 goblins
  7 hobgoblins
  9 quokkas
  5 ball pythons
  12 bats
  5 frilled lizards
  14 kobolds
  8 rats
207 creatures vanquished.

Vanquished Creatures (others)
  A scorpion (D:6)
1 creature vanquished.

Grand Total: 208 creatures vanquished

Notes
Turn   | Place    | Note
-------+----------+-------------------------------------------
     0 | D:1      | Dylgear the Formicid Fighter began the quest for the Orb.
     0 | D:1      | Reached XP level 1. HP: 18/18 MP: 1/1
    72 | D:1      | Reached XP level 2. HP: 24/24 MP: 2/2
    78 | D:1      | Found Afoqimou's Distillery.
   620 | D:1      | Bought a potion of heal wounds for 50 gold pieces
   839 | D:2      | Reached XP level 3. HP: 30/30 MP: 3/3
  1398 | D:2      | Reached XP level 4. HP: 21/37 MP: 4/4
  1788 | D:2      | Found Asacsiyxem's Antique Armour Shoppe.
  1892 | D:3      | Noticed Grinder
  1995 | D:3      | Found a glowing drain.
  2025 | Sewer    | Entered a sewer
  2125 | Sewer    | Noticed a kobold brigand
  2136 | Sewer    | Killed a kobold brigand
  2137 | Sewer    | Reached skill level 3 in Axes
  2137 | Sewer    | Reached skill level 1 in Stealth
  2137 | Sewer    | Reached XP level 5. HP: 39/42 MP: 5/5
  2140 | Sewer    | Reached skill level 1 in Dodging
  2281 | Sewer    | Noticed a kobold brigand
  2312 | Sewer    | Killed a kobold brigand
  2313 | Sewer    | Reached skill level 4 in Axes
  2313 | Sewer    | Reached XP level 6. HP: 44/48 MP: 6/6
  2718 | Sewer    | Reached XP level 7. HP: 47/54 MP: 7/7
  3102 | D:3      | Found Boish's Distillery.
  3141 | D:4      | Reached skill level 5 in Axes
  3186 | D:4      | Reached skill level 5 in Shields
  3327 | D:4      | Reached skill level 5 in Armour
  3354 | D:4      | Identified the +10 hand axe of the Shoals {drain, *Rage
                  | rElec rC+++ rN+}
  3867 | D:5      | Entered Level 5 of the Dungeon
  4128 | D:5      | Found an ancient bone altar of Kikubaaqudgha.
  4143 | D:5      | Reached skill level 6 in Axes
  4528 | D:5      | Reached XP level 8. HP: 60/61 MP: 8/8
  4588 | D:5      | Found a snail-covered altar of Cheibriados.
  4684 | D:6      | Found a radiant altar of Vehumet.
  4684 | D:6      | Found an opulent altar of Gozag.
  4684 | D:6      | Found a white marble altar of Elyvilon.
  4684 | D:6      | Found an iron altar of Okawaru.
  4838 | D:6      | Found a staircase to the Ecumenical Temple.
  4946 | Temple   | Entered the Ecumenical Temple
  5100 | Temple   | Became a worshipper of the Wu Jian Council
  5759 | D:6      | Reached skill level 7 in Axes
  5997 | D:7      | Reached XP level 9. HP: 63/66 MP: 9/9
  6381 | D:6      | Reached skill level 8 in Axes
  6546 | D:6      | Reached skill level 5 in Fighting
  6962 | D:7      | Reached skill level 9 in Axes
  6965 | D:7      | Reached * piety under Wu Jian
  7248 | D:8      | Reached XP level 10. HP: 74/74 MP: 10/10
  7316 | D:8      | Found the +11 Singing Sword {sonic wave}
  7888 | D:8      | Found a runed translucent door.
  7888 | D:8      | Found a shimmering altar of Xom.
  7888 | D:8      | Noticed superbruh's ghost (novice GrFi)
  7888 | D:8      | Noticed a +2 quarterstaff of chaos
  8024 | D:9      | Noticed a cyclops
  8168 | D:9      | Noticed a manticore
  8220 | D:9      | Killed a cyclops
  8341 | D:9      | Killed a manticore
  8342 | D:9      | Reached skill level 10 in Axes
  8709 | D:9      | Reached skill level 10 in Armour
  8715 | D:9      | Reached ** piety under Wu Jian
  8748 | D:9      | Found a staircase to the Lair.
  8748 | D:9      | Noticed a fire crab
  9036 | D:9      | Reached XP level 11. HP: 80/81 MP: 11/11
  9067 | D:9      | Killed a fire crab
  9423 | D:10     | Entered Level 10 of the Dungeon
  9845 | D:10     | Reached skill level 11 in Axes
  9845 | D:10     | Noticed Grum
  9867 | D:10     | Killed from afar by an acid dragon

Illustrated notes

Levels and vault maps discovered:
D:1:      scummos_arrival_checkerplants, layout_loops_ring, serial_shops,
          nicolae_shop_industrial_runoff
D:2:      layout_basic, serial_shops, shop, minmay_tree_intersection,
          kennysheep_generic_room_5
D:3:      layout_basic, serial_shops, nicolae_shop_pleasant_corner_grove,
          portal_sewer_entry_f, bh_walls_and_bars, uniq_grinder,
          uniq_crazy_yiuf_cottage
D:4:      minmay_chambers_of_threes, layout_basic
D:5:      layout_loops_ring, nicolae_overflow_crystal_walls, cheibriados_altar_1
D:6:      layout_basic, chequers_temple_overflow_statue_of_worship,
          temple_fountains
D:7:      layout_basic, hangedman_misty_isle
D:8:      old_forge, layout_loops_ring, ebering_ghost_xom,
          minmay_misc_feat_alley, nrook_loot_triangle,
          chequers_serial_rivers_small_b
D:9:      layout_basic, minmay_lair_entry_lava
D:10:     layout_basic, fungi_pond_lemuel, grunt_ogre_cave, minmay_nine_imps,
          uniq_grum
Temple:   nicolae_temple_bog_church

Skill      XL: |  1  2  3  4  5  6  7  8  9 10 11 |
---------------+----------------------------------+-----
Axes           | 3 4 6 7 9 10 11 | 11.1
Armour         | 4 5 6 8 10 | 10.8
Stealth        | 1 2 |  2.4
Dodging        | 1 2 |  2.6
Fighting       | 4 5 6 |  6.2
Shields        | 5 6 7 8 |  8.3
Evocations     | |  0.2

Action                     |  1- 3 |  4- 6 |  7- 9 | 10-12 || total
---------------------------+-------+-------+-------+-------++-------
  Melee: War axe           |   117 |   107 |    56 |       ||   280
         Hand axe          |       |       |   131 |   179 ||   310
Ability: Lunge             |       |       |     5 |    14 ||    19
         Dig               |       |       |     1 |       ||     1
         Whirlwind         |       |       |       |     2 ||     2
  Evoke: Wand              |       |       |       |     2 ||     2
    Use: Scroll            |       |     4 |     7 |     3 ||    14
         Potion            |       |     1 |     2 |       ||     3
   Stab: Held in net/web   |       |       |       |     1 ||     1
 Armour: Scale mail        |    58 |    39 |    33 |       ||   130
         Chain mail        |       |       |    85 |    56 ||   141
  Dodge: Dodged            |    40 |    43 |    91 |    66 ||   240
  Block: Buckler           |    22 |    29 |    54 |    34 ||   139

Table legend: (Time is in decaauts)
 A = Elapsed time spent in this place.
 B = Non-inter-level travel time spent in this place.
 C = Inter-level travel time spent in this place.
 D = Time resting spent in this place.
 E = Time spent auto-exploring this place.
 F = Levels seen in this place.
 G = Mean time per level.
                   A        B        C        D        E       F      G
               +--------+--------+--------+--------+--------+-----+--------+
         Total |  10262 |   9611 |    651 |   1457 |   4898 |  12 |  855.2 |
       Dungeon |   8797 |   8146 |    651 |   1391 |   4736 |  10 |  879.7 |
        Temple |    189 |    189 |      0 |      0 |    127 |   1 |  189.0 |
         Sewer |   1275 |   1275 |      0 |     66 |     35 |   1 | 1275.0 |
               +--------+--------+--------+--------+--------+-----+--------+

Top non-repeatable levels by time:
     D:9: 1504 daAuts
     D:6: 1481 daAuts
   Sewer: 1275 daAuts
     D:2: 1186 daAuts
     D:8: 922 daAuts
     D:4: 830 daAuts
     D:1: 828 daAuts
     D:5: 741 daAuts
     D:7: 713 daAuts
    D:10: 363 daAuts
     D:3: 225 daAuts
  Temple: 189 daAuts
